 Dungeon Crawl Stone Soup version 0.31-a0-460-g9e667d4245 (webtiles) character file.

Game seed: 1986919398759593693

63 ytrimaz the Ruffian (level 3, -3/26 HPs)
             Began as a Demonspawn Shapeshifter on Aug 4, 2023.
             Slain by a gnoll
             ... wielding a +0 club
              (4 damage)
             ... on level 2 of the Dungeon.
             The game lasted 00:01:39 (963 turns).

ytrimaz the Ruffian (Demonspawn Shapeshifter)        Turns: 963, Time: 00:01:40

Health: -3/26      AC:  4    Str: 17    XL:     3   Next: 89%
Magic:  3/3        EV: 12    Int:  9    God:
Gold:   64         SH:  0    Dex: 13    Spells: 2/2 levels left

rFire   + .          .
                       - Unarmed
rCold   . . .        (no shield)
rNeg    . . .        m - +2 robe {rF+}
rPois   .            (helmet currently unavailable)
rElec   .            (cloak currently unavailable)
rCorr   .            (gloves currently unavailable)
SInv    .            (boots currently unavailable)
Will    .....        i - amulet of faith
Stlth   +            (no ring)
HPRegen 0.24/turn    (no ring)
MPRegen 0.08/turn

%: faith
@: beast-form
A: beast (slay +2), demonic guardian 1
a: Begin Untransformation


You were on level 2 of the Dungeon.
You were a hulking beast.
You visited 1 branch of the dungeon, and saw 2 of its levels.

You collected 64 gold pieces.


Innate Abilities, Weirdness & Mutations

You are a hulking beast.
Your limbs bulge with bestial killing power. (Slay +2)
A weak demonic guardian rushes to your aid.


   Skills:
 - Level 1.0 Fighting
 + Level 2.5 Dodging
 * Level 3.4 Unarmed Combat
 + Level 3.1 Shapeshifting


You had 2 spell levels left.
You didn't know any spells.
Your spell library was empty.

Inventory:

Armour
 k - a +2 cloak
   (You found it on level 1 of the Dungeon)
 m - a +2 robe of fire resistance (worn)
   (You found it on level 2 of the Dungeon)
Jewellery
 i - an amulet of faith (around neck)
   (You found it on level 1 of the Dungeon)
Talismans
 c - a beast talisman (active)
Scrolls
 d - a scroll of fear {unknown}
 h - a scroll of poison {unknown}
 j - a scroll of immolation {unknown}
 l - a scroll of amnesia
Potions
 b - a potion of lignification
 e - a potion of heal wounds {unknown}
 f - a potion of degeneration {unknown}
 g - a potion of enlightenment {unknown}

Dungeon Overview and Level Annotations

Branches:
Dungeon (2/15) Zot: 11040

Altars:

Shops:
D:1

[ #.........# ##.......#.#
.##.........####..###....##
......†...........###....#.
##.......########.##.......
#......###.......##.....#.
#....#.######.#####.......
#....#...# #...........##
#....###5## ########....#
#... #gh# #....# #... ##.#
###..# #.. #g## ..# #lg##
..# ##..# .# ##.## #..#
##)# ...


You could see 3 gnolls, a frilled lizard and a friendly shadow imp (summoned).


Message History

You start removing your armour.
You continue taking off your +0 animal skin. x4
You finish taking off your +0 animal skin.
You start putting on your armour.
You continue putting on your +2 robe of fire resistance. x5
You finish putting on your +2 robe of fire resistance.
You feel resistant to fire.
You drop a +0 animal skin.
A worm comes into view.
A worm is nearby!
A worm is nearby!
A worm is nearby!
A worm is nearby!
The worm barely misses you.
You barely miss the worm. The worm bites you.
A demonic guardian appears! 😕 HP[-3]
You take 3 damage, and now have 23/26 hp.
You punch the worm!
Your shadow imp hits the worm.
You barely miss the worm. The worm bites you but does no damage.
You barely miss the worm.
Your shadow imp hits the worm. 😕 HP[+1]
You hit the worm.
You kill the worm!
No target in view!
No target in view!
No target in view!
No target in view!
No target in view!
Unknown command.
You swap places.
You swap places.
Your shadow imp disappears in a puff of smoke!
Key pressed, stopping explore.
A bat comes into view. 😎 HP[+2]
Your hp is fully restored (26).
A bat is nearby!
A bat is nearby!
The bat barely misses you.
A bat is nearby!
You hit the bat.
You kill the bat!
A ball python comes into view.
The ball python hisses angrily.
A ball python is nearby!
A ball python is nearby!
You hit the ball python.
You kill the ball python!
No target in view!
No target in view!
No target in view!
No target in view!
No target in view!
You now have 64 gold pieces (gained 9).
Found a stone staircase leading down.
A gnoll comes into view. It is wielding a +0 club.
The gnoll shouts!
You hear a shout! x2
A gnoll is nearby!
You hear a shout!
The gnoll closely misses you.
A frilled lizard comes into view.
A gnoll comes into view. It is wielding a +0 halberd.
You hit the gnoll.
A gnoll comes into view. It is wielding a +0 club.
The gnoll hits you with a +0 club. 😕 HP[-4]
You take 4 damage, and now have 22/26 hp.
You hit the gnoll. The gnoll closely misses you.
You punch the gnoll!
The gnoll hits you with a +0 club. 😮 HP[-6]
You take 6 damage, and now have 16/26 hp.
MASSIVE DAMAGE!! (PAUSE)
You hit the gnoll.
You kill the gnoll!
A gnoll comes into view.
It is wielding a +0 spear. 😮 HP[+1] Unknown command. 😮 HP[+1]
You hit the gnoll. The gnoll barely misses you.
You hit the gnoll but do no damage. The gnoll closely misses you.
The gnoll hits you with a +0 club. 😮 HP[-2]
You take 2 damage, and now have 16/26 hp.
You punch the gnoll! The gnoll closely misses you.
The gnoll closely misses you. The gnoll barely misses you.
The gnoll hits you with a +0 club. 😮 HP[-1]
You take 1 damage, and now have 15/26 hp.
Unknown command.
You hit the gnoll but do no damage. The gnoll hits you with a +0 halberd!
Ouch! That really hurt!
* * * LOW HITPOINT WARNING * * *
A demonic guardian appears!
The gnoll barely misses you. x2 😱 HP[-14]
You take 14 damage, and now have 1/26 hp.
MASSIVE DAMAGE!! (PAUSE) Unknown command.
Okay, then.
The gnoll hits you with a +0 club.
You die...

Skill      XL: |  1  2 |
---------------+-------+-----
Dodging        | 2 |  2.5
Unarmed Combat | 3 |  3.4
Shapeshifting  | 3 |  3.1
Fighting       | |  1.0

Action                     || total
---------------------------++-------
  Melee: Unarmed           ||   101
         Punch             ||     1
    Use: Scroll            ||     1
   Stab: Sleeping          ||     3
 Armour: Animal skin       ||    13
         Robe              ||     1
  Dodge: Dodged            ||    71

Levels and vault maps discovered:
D:1:      dpeg_arrival_rhombus, layout_basic, serial_shops,
          nicolae_shop_overgrown_old_shop, shapermc_ecumenical_altar_notcrosses
D:2:      layout_basic, basic_altar, kennysheep_cross_room, kennysheep_doodads,
          uniq_natasha

Notes
Turn   | Place    | Note
-------+----------+-------------------------------------------
     0 | D:1      | ytrimaz the Demonspawn Shapeshifter began the quest for the
                  | Orb.
     0 | D:1      | Reached XP level 1. HP: 15/15 MP: 1/1
     0 | D:1      | magus.rc [v1.9.6]
    33 | D:1      | Reached skill level 2 in Dodging
   109 | D:1      | Gained mutation: A weak demonic guardian rushes to your
                  | aid. [demonic ancestry]
   109 | D:1      | Reached XP level 2. HP: 21/21 MP: 2/2
   209 | D:1      | Reached skill level 3 in Unarmed Combat
   257 | D:1      | Found Ulutixe's Antique Armour Emporium.
   312 | D:1      | Reached skill level 3 in Shapeshifting
   315 | D:1      | Reached XP level 3. HP: 23/26 MP: 3/3
   629 | D:1      | Found a faded altar of an unknown god.
   962 | D:2      | HP: 1/26 [gnoll/+0 halberd (14)]
   963 | D:2      | Slain by a gnoll

Vanquished Creatures
  A gnoll (D:2)
  A worm (D:2)
  2 dart slugs
  4 ball pythons
  5 endoplasms
  3 giant cockroaches
  4 goblins (D:1)
  6 hobgoblins (D:1)
  3 jackals (D:2)
  5 bats
  3 kobolds (D:1)
  7 rats (D:1)
44 creatures vanquished.

Table legend:
 A = Non-vault XP
 B = Vault XP
 C = Vault XP percentage of total XP
 D = Non-vault monster count
 E = Vault monster count
 F = Vault count percentage of total count
                 A         B        C        D         E       F
            +---------+---------+-------+---------+---------+-------
      Total |      91 |       0 |   0.0 |      44 |       0 |   0.0
            +---------+---------+-------+---------+---------+-------
        D:1 |      53 |       0 |   0.0 |      33 |       0 |   0.0
        D:2 |      38 |       0 |   0.0 |      11 |       0 |   0.0
            +---------+---------+-------+---------+---------+-------

Skill      XL: |  1  2 |
---------------+-------+-----
Dodging        | 2 |  2.5
Unarmed Combat | 3 |  3.4
Shapeshifting  | 3 |  3.1
Fighting       | |  1.0

Action                     || total
---------------------------++-------
  Melee: Unarmed           ||   101
         Punch             ||     1
    Use: Scroll            ||     1
   Stab: Sleeping          ||     3
 Armour: Animal skin       ||    13
         Robe              ||     1
  Dodge: Dodged            ||    71

Illustrated notes

Table legend:
 A = Kills in this place as a percentage of kills in the entire game.
 B = Kills by you in this place as a percentage of kills by you in the entire game.
 C = Kills by friends in this place as a percentage of kills by friends in the entire game.
 D = Other kills in this place as a percentage of other kills in the entire game.
 E = Experience gained in this place as a percentage of experience gained in the entire game.
 F = Experience gained in this place divided by the number of levels of this place that you have seen.
                   A       B       C       D       E      F
               +-------+-------+-------+-------+-------+----------------------
         Total | 100.0 | 100.0 |   N/A |   N/A | 100.0 |  45.5
       Dungeon | 100.0 | 100.0 |   N/A |   N/A | 100.0 |  45.5
               +-------+-------+-------+-------+-------+----------------------

Table legend: (Time is in decaauts)
 A = Elapsed time spent in this place.
 B = Non-inter-level travel time spent in this place.
 C = Inter-level travel time spent in this place.
 D = Time resting spent in this place.
 E = Time spent auto-exploring this place.
 F = Levels seen in this place.
 G = Mean time per level.
                   A        B        C        D        E       F      G
               +--------+--------+--------+--------+--------+-----+--------+
         Total |    958 |    930 |     28 |      0 |    679 |   2 |  479.0 |
       Dungeon |    958 |    930 |     28 |      0 |    679 |   2 |  479.0 |
               +--------+--------+--------+--------+--------+-----+--------+

Top non-repeatable levels by time:
     D:1: 698 daAuts
     D:2: 260 daAuts
